3A
PUT-IN-BAY BC @ MANCELONA TORCH
07/28/2029
 
TOP OF THE 1ST
Put-In-Bay BC batting - Pitching for Mancelona Torch : RHP John Castle
Pitching: RHP John Castle
Batting: SHB Theron Montecalvo 0-0: Ball
1-0: Foul Ball, location: 2F
1-1: Foul Ball, location: 2F
1-2: Ball
2-2: SINGLE (Groundball, 34D)
Batting: RHB Andrew Cantrell 0-0: Called Strike
0-1: Ball
1-1: Fly out, F9 (Flyball, 9LSF)
Batting: RHB Manny Bendixen 0-0: Ball
1-0: Foul Ball, location: 2F
1-1: Ball
2-1: Foul Ball, location: 2F
2-2: Strikes out swinging
Batting: LHB Vladya Pugiev 0-0: Ball
1-0: Ball
2-0: Ball
3-0: Base on Balls
Theron Montecalvo to second
Batting: RHB Steven Rohrs 0-0: Ball
1-0: Ground out 1-3 (Groundball, 13S)
Top of the 1st over - 0 runs, 1 hit, 0 errors, 2 left on base; Put-In-Bay 0 - Mancelona 0
BOTTOM OF THE 1ST
Mancelona Torch batting - Pitching for Put-In-Bay BC : RHP Jeff Starr
Pitching: RHP Jeff Starr
Batting: RHB Tony Lugo 0-0: SINGLE (Line Drive, 6MD)
Batting: RHB Jeff Mouton 0-0: Ball
1-0: Foul Ball, location: 2F
1-1: Foul Ball, location: 2F
1-2: Ball
2-2: SINGLE (Line Drive, 7LS)
Tony Lugo to second
Runner from 2nd tries for 3rd, SAFE, no throw
Batting: RHB Emílio Agramónte 0-0: Ball
1-0: Ball
2-0: Ball
3-0: Called Strike
3-1: SINGLE (Line Drive, 6M)
Tony Lugo scores
Jeff Mouton to second
Batting: LHB Yu-zeng Si 0-0: Ball
1-0: SINGLE (Line Drive, 89S)
Jeff Mouton to third
Emílio Agramónte to second
Batting: RHB Adrijan Markovski 0-0: Ball
1-0: Fly out, F9 (Flyball, 89M)
Runner from 3rd tags up, SCORES, throw made
Batting: LHB Badry Maksimenov 0-0: Called Strike
0-1: Swinging Strike
0-2: Ball
1-2: Strikes out looking
Batting: LHB Jorge Vélez 0-0: Called Strike
0-1: Ball
1-1: Fly out, F7 (Flyball, 78S)
Bottom of the 1st over - 2 runs, 4 hits, 0 errors, 2 left on base; Put-In-Bay 0 - Mancelona 2
TOP OF THE 2ND
Put-In-Bay BC batting - Pitching for Mancelona Torch : RHP John Castle
Batting: RHB Brock Dean 0-0: Bunt for hit - play at first, batter safe!
Batting: RHB Al Grant 0-0: Called Strike
0-1: Swinging Strike
0-2: 2-RUN HOME RUN (Flyball, 7D), Distance : 387 ft
Batting: RHB Oscar McMillan 0-0: Ball
1-0: Called Strike
1-1: Bunt for hit - play at first, batter OUT! 3-4
Batting: RHB Mario Chávez 0-0: Called Strike
0-1: Ball
1-1: Called Strike
1-2: Foul Ball, location: 2F
1-2: Ball
2-2: Strikes out swinging
Batting: SHB Theron Montecalvo 0-0: Foul Ball, location: 2F
0-1: Fly out, F9 (Line Drive, 9)
Top of the 2nd over - 2 runs, 2 hits, 0 errors, 0 left on base; Put-In-Bay 2 - Mancelona 2
BOTTOM OF THE 2ND
Mancelona Torch batting - Pitching for Put-In-Bay BC : RHP Jeff Starr
Batting: RHB José Reyes 0-0: Ball
1-0: Foul Ball, location: 2F
1-1: Ball
2-1: Ball
3-1: Base on Balls
Batting: RHB Dave Norton 0-0: Called Strike
0-1: Ball
1-1: Called Strike
1-2: Strikes out looking
Batting: RHB Tony Lugo 0-0: Called Strike
0-1: Fly out, F7 (Line Drive, 78D)
Batting: RHB Jeff Mouton 0-0: Swinging Strike
Balk!
José Reyes to second
0-1: Ball
1-1: Fly out, F8 (Flyball, 89S)
Bottom of the 2nd over - 0 runs, 0 hits, 0 errors, 1 left on base; Put-In-Bay 2 - Mancelona 2
TOP OF THE 3RD
Put-In-Bay BC batting - Pitching for Mancelona Torch : RHP John Castle
Batting: RHB Andrew Cantrell 0-0: Called Strike
0-1: Ball
1-1: Foul Ball, location: 2F
1-2: Foul Ball, location: 2F
1-2: Ball
2-2: Foul Ball, location: 2F
2-2: TRIPLE (Flyball, 8LXD)
Batting: RHB Manny Bendixen 0-0: Called Strike
0-1: Foul Ball, location: 2F
0-2: Strikes out looking
Batting: LHB Vladya Pugiev 0-0: Ball
1-0: Fly out, F8 (Flyball, 8LM)
Batting: RHB Steven Rohrs 0-0: Called Strike
0-1: Ball
1-1: Ball
2-1: Ball
3-1: Called Strike
3-2: Strikes out swinging
Top of the 3rd over - 0 runs, 1 hit, 0 errors, 1 left on base; Put-In-Bay 2 - Mancelona 2
BOTTOM OF THE 3RD
Mancelona Torch batting - Pitching for Put-In-Bay BC : RHP Jeff Starr
Batting: RHB Emílio Agramónte 0-0: Called Strike
0-1: Ground out 5-3 (Groundball, 56S)
Batting: LHB Yu-zeng Si 0-0: Called Strike
0-1: Swinging Strike
0-2: Strikes out swinging, 2-3 out at first.
Batting: RHB Adrijan Markovski 0-0: Foul Ball, location: 2F
0-1: Called Strike
0-2: Ball
1-2: Ball
2-2: Strikes out swinging
Bottom of the 3rd over - 0 runs, 0 hits, 0 errors, 0 left on base; Put-In-Bay 2 - Mancelona 2
TOP OF THE 4TH
Put-In-Bay BC batting - Pitching for Mancelona Torch : RHP John Castle
Batting: RHB Brock Dean 0-0: Ball
1-0: Bunt for hit - play at first, batter OUT! 2-3
Batting: RHB Al Grant 0-0: Foul Ball, location: 2F
0-1: Ball
1-1: Swinging Strike
1-2: Ball
2-2: Ball
3-2: Strikes out swinging
Batting: RHB Oscar McMillan 0-0: Ball
1-0: Foul Ball, location: 2F
1-1: Ball
2-1: DOUBLE (Line Drive, 7LD)
Batting: RHB Mario Chávez 0-0: Ball
1-0: Swinging Strike
1-1: Swinging Strike
1-2: Foul Ball, location: 2F
1-2: Ball
2-2: Foul Ball, location: 2F
2-2: Strikes out swinging
Top of the 4th over - 0 runs, 1 hit, 0 errors, 1 left on base; Put-In-Bay 2 - Mancelona 2
BOTTOM OF THE 4TH
Mancelona Torch batting - Pitching for Put-In-Bay BC : RHP Jeff Starr
Batting: LHB Badry Maksimenov 0-0: Ball
1-0: Foul Ball, location: 2F
1-1: Ball
2-1: Foul Ball, location: 2F
2-2: Fly out, F9 (Flyball, 9D)
Batting: LHB Jorge Vélez 0-0: Fly out, F7 (Line Drive, 7)
Batting: RHB José Reyes 0-0: Ball
1-0: Ball
2-0: Foul Ball, location: 2F
2-1: Swinging Strike
2-2: Foul Ball, location: 2F
2-2: Ground out 5-3 (Groundball, 5)
Bottom of the 4th over - 0 runs, 0 hits, 0 errors, 0 left on base; Put-In-Bay 2 - Mancelona 2
TOP OF THE 5TH
Put-In-Bay BC batting - Pitching for Mancelona Torch : RHP John Castle
Batting: SHB Theron Montecalvo 0-0: SINGLE (Line Drive, 4D)
Batting: RHB Andrew Cantrell 0-0: Sac Bunt - play at first, batter OUT! 1-3
Theron Montecalvo to second
Batting: RHB Manny Bendixen 0-0: Called Strike
0-1: Ball
1-1: Called Strike
1-2: Strikes out looking
Batting: LHB Vladya Pugiev 0-0: Ground out 3-1 (Groundball, 34S)
Top of the 5th over - 0 runs, 1 hit, 0 errors, 1 left on base; Put-In-Bay 2 - Mancelona 2
BOTTOM OF THE 5TH
Mancelona Torch batting - Pitching for Put-In-Bay BC : RHP Jeff Starr
Batting: RHB Dave Norton 0-0: Ground out 5-3 (Groundball, 56)
Batting: RHB Tony Lugo 0-0: Ground out 5-3 (Groundball, 5)
Batting: RHB Jeff Mouton 0-0: Swinging Strike
0-1: Ball
1-1: Ground out 6-3 (Groundball, 6)
Bottom of the 5th over - 0 runs, 0 hits, 0 errors, 0 left on base; Put-In-Bay 2 - Mancelona 2
TOP OF THE 6TH
Put-In-Bay BC batting - Pitching for Mancelona Torch : RHP John Castle
Batting: RHB Steven Rohrs 0-0: Called Strike
0-1: Ball
1-1: Foul Ball, location: 2F
1-2: Ball
2-2: Strikes out swinging
Batting: RHB Brock Dean 0-0: Ball
1-0: SINGLE (Line Drive, 78M)
Batting: RHB Al Grant 0-0: Called Strike
0-1: Ball
1-1: Ball
Brock Dean is caught stealing 2nd base
2-1: Called Strike
2-2: Strikes out swinging
Top of the 6th over - 0 runs, 1 hit, 0 errors, 0 left on base; Put-In-Bay 2 - Mancelona 2
BOTTOM OF THE 6TH
Mancelona Torch batting - Pitching for Put-In-Bay BC : RHP Jeff Starr
Batting: RHB Emílio Agramónte 0-0: Called Strike
0-1: Ground out 6-3 (Groundball, 6S)
Batting: LHB Yu-zeng Si 0-0: Called Strike
0-1: Foul Ball, location: 2F
0-2: Hit by Pitch
Pitching: RHP Carl Stewart
Batting: RHB Adrijan Markovski 0-0: Called Strike
0-1: Swinging Strike
0-2: Ball
1-2: Strikes out swinging
Batting: LHB Badry Maksimenov 0-0: Ball
1-0: Foul Ball, location: 2F
1-1: Foul Ball, location: 2F
1-2: Foul Ball, location: 2F
1-2: Foul Ball, location: 2F
1-2: Strikes out looking
Bottom of the 6th over - 0 runs, 0 hits, 0 errors, 1 left on base; Put-In-Bay 2 - Mancelona 2
TOP OF THE 7TH
Put-In-Bay BC batting - Pitching for Mancelona Torch : RHP John Castle
Batting: RHB Oscar McMillan 0-0: Ball
1-0: Ball
2-0: Foul Ball, location: 2F
2-1: Foul Ball, location: 2F
2-2: Foul Ball, location: 2F
2-2: Strikes out swinging
Pinch Hitting: RHB Franklin Kelley 0-0: Ball
1-0: Called Strike
1-1: Ball
2-1: Swinging Strike
2-2: Strikes out swinging
Batting: SHB Theron Montecalvo 0-0: Called Strike
0-1: Ball
1-1: Foul Ball, location: 2F
1-2: Fly out, F9 (Flyball, 89M)
Top of the 7th over - 0 runs, 0 hits, 0 errors, 0 left on base; Put-In-Bay 2 - Mancelona 2
BOTTOM OF THE 7TH
Mancelona Torch batting - Pitching for Put-In-Bay BC : RHP Carl Stewart
Now in LF: Franklin Kelley
Batting: LHB Jorge Vélez 0-0: Called Strike
0-1: Ball
1-1: Swinging Strike
1-2: Strikes out swinging
Batting: RHB José Reyes 0-0: Called Strike
0-1: Ball
1-1: Swinging Strike
1-2: Ball
2-2: Ground out 4-3 (Groundball, 4MD)
Batting: RHB Dave Norton 0-0: Ball
1-0: Called Strike
1-1: Ground out 1-3 (Groundball, 15S)
Bottom of the 7th over - 0 runs, 0 hits, 0 errors, 0 left on base; Put-In-Bay 2 - Mancelona 2
TOP OF THE 8TH
Put-In-Bay BC batting - Pitching for Mancelona Torch : RHP John Castle
Batting: RHB Andrew Cantrell 0-0: Ball
1-0: Swinging Strike
1-1: Foul Ball, location: 2F
1-2: Ball
2-2: Fly out, F7 (Flyball, 7LD)
Batting: RHB Manny Bendixen 0-0: Ball
1-0: Ball
2-0: Swinging Strike
2-1: Ball
3-1: DOUBLE (Line Drive, 7LM)
Batting: LHB Vladya Pugiev 0-0: Intentional Walk
Pitching: RHP Konosuke Iida
Batting: RHB Steven Rohrs 0-0: Ball
1-0: Swinging Strike
1-1: Ball
Manny Bendixen steals 3rd base
Vladya Pugiev to second
2-1: Foul Ball, location: 2F
2-2: Strikes out swinging
Batting: RHB Brock Dean 0-0: Foul Ball, location: 2F
0-1: Called Strike
0-2: Strikes out looking
Top of the 8th over - 0 runs, 1 hit, 0 errors, 2 left on base; Put-In-Bay 2 - Mancelona 2
BOTTOM OF THE 8TH
Mancelona Torch batting - Pitching for Put-In-Bay BC : RHP Carl Stewart
Pinch Hitting: LHB Tadaaki Yokoyama 0-0: Called Strike
0-1: Foul Ball, location: 2F
0-2: Ball
1-2: Ball
2-2: Foul Ball, location: 2F
2-2: Strikes out swinging
Batting: RHB Jeff Mouton 0-0: Foul Ball, location: 2F
0-1: Ball
1-1: Ball
2-1: Ball
3-1: Fly out, F8 (Flyball, 78M)
Batting: RHB Emílio Agramónte 0-0: Ball
1-0: Ground out 5-3 (Groundball, 5S)
Bottom of the 8th over - 0 runs, 0 hits, 0 errors, 0 left on base; Put-In-Bay 2 - Mancelona 2
TOP OF THE 9TH
Put-In-Bay BC batting - Pitching for Mancelona Torch : RHP Konosuke Iida
Now at SS: Vilhelm Loyen
Pinch Hitting: RHB Mike Elzey 0-0: Swinging Strike
0-1: Foul Ball, location: 2F
0-2: Ball
1-2: Strikes out swinging
Pinch Hitting: SHB Ben Boston 0-0: Called Strike
0-1: Ball
1-1: Swinging Strike
1-2: Strikes out swinging
Batting: RHB Franklin Kelley 0-0: Called Strike
0-1: Foul Ball, location: 2F
0-2: Foul Ball, location: 2F
0-2: Ball
1-2: Ball
2-2: Foul Ball, location: 2F
2-2: Foul Ball, location: 2F
2-2: Ball
3-2: Base on Balls
Batting: SHB Theron Montecalvo 0-0: Ball
1-0: Fly out, F7 (Flyball, 7)
Top of the 9th over - 0 runs, 0 hits, 0 errors, 1 left on base; Put-In-Bay 2 - Mancelona 2
BOTTOM OF THE 9TH
Mancelona Torch batting - Pitching for Put-In-Bay BC : RHP Carl Stewart
Now at C: Jorge Alvarado
Now in RF: Mike Elzey
Batting: LHB Yu-zeng Si 0-0: Swinging Strike
0-1: Ball
1-1: Ground out 3-1 (Groundball, 34)
Batting: RHB Adrijan Markovski 0-0: Ball
1-0: DOUBLE (Line Drive, 7LM)
Pinch Runner at 2nd Raúl Cicerón:
Batting: LHB Badry Maksimenov 0-0: Intentional Walk
Batting: LHB Jorge Vélez 0-0: Ball
1-0: Ball
2-0: Ball
3-0: Called Strike
3-1: Called Strike
3-2: Base on Balls
Raúl Cicerón to third
Badry Maksimenov to second
Batting: RHB José Reyes 0-0: Ball
1-0: Foul Ball, location: 2F
1-1: Foul Ball, location: 2F
1-2: Strikes out looking
Pinch Hitting: RHB Alfredo López 0-0: Ball
1-0: Ball
2-0: Called Strike
2-1: SINGLE (Groundball, 6D)
Raúl Cicerón scores
GAME OVER ... MANCELONA DEFEATS PUT
In-Bay, 3 to 2
Tuesday, December 19th, 2017 - OOTP Baseball 18.8 Build 76